Map: Lightshade LE

Players

TLHarstem (Harstem)

  • Race: Protoss Protoss
  • League: Master
  • Spawn Location: 5:00

ShoWTimE - Winner!

  • Race: Protoss Protoss
  • League: Master
  • Spawn Location: 11:00

Event: DreamHack SC2 Masters 2020 Winter

VOD

Have the link to the VOD?

Description

Time

  • Played on: Oct. 29, 2020, 12:41 p.m.
  • Length: 25:01

All games in this series

Show
View Real Time Build Order
Export as new Build Order

TLHarstem Protoss 

Build Orders:  

Get SALT Encoding   

  12  0:00  Probe  
  13  0:12  Probe  
  14  0:18  Pylon  
  14  0:24  Probe  
  15  0:36  Gateway  
  15  0:37  Probe (Chrono Boost)  
  16  0:47  Assimilator, Probe (Chrono Boost)  
  17  0:52  Probe (Chrono Boost)  
  17  0:55  Assimilator  
  18  1:03  Probe  
  19  1:07  Gateway  
  19  1:15  Probe (Chrono Boost)  
  20  1:24  Cybernetics Core  
  20  1:27  Probe (Chrono Boost)  
  20  1:31  Pylon  
  21  1:35  Probe (Chrono Boost)  
  23  1:50  Gateway  
  23  1:58  Warp Gate (Chrono Boost)  
  23  2:00  Stalker  
  25  2:04  Probe  
  25  2:07  Stalker  
  27  2:16  Pylon  
  27  2:18  Probe  
  28  2:30  Stalker  
  30  2:37  Stalker  
  30  2:43  Stalker  
  33  3:09  Nexus  
  33  3:13  Sentry  
  33  3:16  Probe  
  36  3:24  Pylon  
  36  3:28  Probe  
  37  3:35  Twilight Council  
  37  3:40  Probe (Chrono Boost)  
  38  3:46  Sentry  
  40  3:52  Probe (Chrono Boost)  
  41  4:01  Probe (Chrono Boost)  
  42  4:03  Adept x2  
  42  4:04  Blink  
  42  4:06  Probe  
  47  4:20  Probe x2  
  49  4:25  Shield Battery  
  49  4:33  Phoenix, Probe (Chrono Boost)  
  49  4:36  Probe (Chrono Boost)  
  51  4:43  Pylon  
  51  4:44  Probe (Chrono Boost)  
  53  4:47  Probe (Chrono Boost)  
  53  4:48  Probe (Chrono Boost)  
  54  4:56  Forge  
  54  5:02  Robotics Facility, Probe x2  
  54  5:05  Sentry  
  58  5:10  Pylon x2  
  58  5:14  Probe  
  60  5:19  Assimilator  
  60  5:24  Gateway  
  60  5:25  Gateway  
  60  5:26  Probe  
  60  5:27  Protoss Ground Weapons Level 1 (Chrono Boost)  
  60  5:28  Probe  
  61  5:38  Probe  
  61  5:41  Stalker x2  
  66  5:47  Probe  
  66  5:49  Observer  
  68  5:51  Probe  
  69  6:00  Nexus  
  69  6:01  Phoenix  
  69  6:02  Probe  
  70  6:07  Probe  
  70  6:08  Stalker  
  73  6:14  Probe  
  74  6:22  Immortal (Chrono Boost)  
  74  6:23  Pylon  
  78  6:32  Robotics Bay  
  78  6:38  Pylon  
  78  6:41  Probe x2  
  80  6:47  Stalker, Shield Battery  
  80  6:50  Stalker  
  80  6:53  Probe x2  
  86  6:59  Pylon  
  86  7:05  Probe x2  
  87  7:08  Stalker  
  87  7:09  Stalker, Immortal (Chrono Boost)  
  95  7:18  Stalker  
  95  7:19  Shield Battery, Probe  
  95  7:20  Probe  
  97  7:23  Probe  
  97  7:27  Protoss Ground Weapons Level 2 (Chrono Boost)  
  97  7:28  Stalker  
  100  7:35  Stalker  
  102  7:40  Stalker  
  102  7:41  Observer  
  104  7:46  Probe  
  104  7:48  Phoenix  
  101  7:52  Stalker x2  
  101  7:57  Probe  
  102  8:00  Photon Cannon  
  102  8:02  Photon Cannon, Probe  
  103  8:07  Probe  
  103  8:09  Probe  
  103  8:12  Assimilator, Disruptor (Chrono Boost)  
  105  8:14  Probe  
  105  8:17  Observer  
  105  8:18  Assimilator, Stalker  
  105  8:19  Probe  
  112  8:23  Probe  
  112  8:26  Pylon  
  113  8:28  Pylon  
  113  8:31  Probe  
  114  8:40  Disruptor (Chrono Boost)  
  114  8:45  Photon Cannon  
  117  8:52  Stalker x2  
  117  8:54  Probe  
  122  8:57  Pylon  
  122  9:00  Nexus, Dark Shrine  
  122  9:05  Pylon  
  122  9:13  Stalker  
  122  9:19  Pylon  
  122  9:22  Pylon  
  122  9:23  Disruptor (Chrono Boost)  
  122  9:24  Stalker x3  
  128  9:28  Gravitic Boosters  
  131  9:36  Photon Cannon  
  131  9:40  Stalker  
  131  9:44  Gateway  
  131  9:46  Gateway  
  131  9:47  Probe  
  131  9:49  Shield Battery, Probe  
  131  9:51  Stalker  
  135  9:54  Disruptor  
  136  10:08  Stalker x3, Protoss Ground Weapons Level 3 (Chrono Boost)  
  143  10:14  Probe x2  
  143  10:16  Photon Cannon  
  144  10:22  Probe x2  
  144  10:24  Photon Cannon  
  144  10:26  Dark Templar, Probe  
  144  10:27  Pylon  
  149  10:42  Stalker x5  
  155  10:45  Probe x2  
  155  10:47  Assimilator  
  161  10:51  Assimilator  
  159  11:01  Observer (Chrono Boost)  
  159  11:02  Photon Cannon x2  
  160  11:04  Photon Cannon  
  160  11:10  Charge  
  160  11:14  Dark Templar, Zealot x5  
  160  11:17  Probe  
  171  11:21  Pylon  
  172  11:25  Probe  
  172  11:28  Pylon  
  172  11:32  Pylon  
  172  11:34  Pylon  
  172  11:40  Probe  
  172  11:42  Gateway  
  172  11:45  Stalker x3  
  179  11:47  Stalker, Gateway  
  179  11:48  Stalker, Robotics Facility  
  179  11:51  Stargate  
  183  11:56  Disruptor  
  186  12:05  Nexus  
  186  12:07  Pylon  
  182  12:17  Zealot x3  
  182  12:18  Dark Templar  
  182  12:19  Dark Templar  
  182  12:20  Zealot  
  191  12:32  Disruptor  
  192  12:38  Fleet Beacon  
  192  12:42  Stargate  
  192  12:48  Probe x2, Protoss Air Weapons Level 1 (Chrono Boost)  
  192  12:51  Photon Cannon  
  194  12:52  Photon Cannon  
  194  12:54  Photon Cannon  
  194  12:56  Stalker x2  
  194  12:57  Shield Battery  
  194  12:58  Photon Cannon  
  198  13:00  Pylon  
  198  13:01  Photon Cannon  
  196  13:08  Observer  
  196  13:10  Stalker  
  196  13:11  Stalker x3  
  192  13:18  Disruptor (Chrono Boost)  
  143  13:30  Zealot x4  
  154  13:35  Probe  
  154  13:36  Disruptor (Chrono Boost)  
  154  13:38  Probe  
  156  13:41  Zealot x3  
  156  13:42  Zealot  
  156  13:45  Disruptor (Chrono Boost)  
  156  13:46  Mothership (Chrono Boost)  
  175  14:00  Zealot  
  175  14:01  Zealot x2  
  175  14:02  Probe x2  
  179  14:05  Disruptor (Chrono Boost)  
  168  14:17  Stalker x5  
  182  14:25  Protoss Shields Level 1  
  182  14:27  Immortal (Chrono Boost)  
  182  14:33  Disruptor (Chrono Boost), Zealot x3  
  188  14:47  Photon Cannon  
  188  14:49  Assimilator  
  188  14:51  Assimilator, Stalker x2  
  188  14:52  Pylon  
  192  14:55  Shield Battery  
  192  14:59  Observer  
  189  15:04  Stalker x5  
  189  15:05  Stalker  
  200  15:07  Observer (Chrono Boost)  
  185  15:31  Photon Cannon  
  185  15:33  Photon Cannon, Observer (Chrono Boost)  
  181  15:44  Disruptor  
  181  15:46  Disruptor  
  175  15:51  Stalker x2  
  175  15:52  Stalker x4  
  171  16:18  Zealot x8  
  181  16:20  Disruptor  
  181  16:22  Disruptor  
  191  16:27  Pylon  
  191  16:28  Probe x2  
  191  16:29  Probe (Chrono Boost)  
  191  16:30  Nexus  
  191  16:31  Gateway  
  194  16:35  Gateway, Observer  
  194  16:39  Zealot x3  
  200  16:45  Mothership (Chrono Boost)  
  199  17:04  Photon Cannon  
  199  17:05  Photon Cannon  
  199  17:07  Shield Battery  
  195  17:10  Dark Templar x2  
  195  17:17  Observer (Chrono Boost)  
  195  17:19  Photon Cannon, Zealot x2  
  199  17:31  Observer (Chrono Boost)  
  199  17:33  Observer (Chrono Boost)  
  182  17:44  Disruptor  
  182  17:49  Disruptor  
  174  17:54  Stalker x7  
  175  18:04  Zealot x3  
  178  18:18  Stalker x5  
  178  18:19  Zealot x2  
  192  18:20  Nexus, Disruptor  
  192  18:21  Assimilator  
  192  18:22  Pylon  
  192  18:24  Assimilator  
  192  18:25  Disruptor  
  191  18:31  Stalker x3  
  197  18:46  Probe  
  198  18:48  Pylon  
  198  18:52  Protoss Shields Level 2 (Chrono Boost)  
  198  18:53  Photon Cannon, Pylon  
  198  18:57  Pylon  
  198  19:05  Pylon  
  198  19:07  Protoss Air Weapons Level 2 (Chrono Boost)  
  197  19:10  Nexus x2  
  197  19:12  Pylon x2  
  185  19:24  Stalker  
  185  19:27  Stalker x4, Zealot x2  
  185  19:28  Zealot  
  185  19:30  Observer, Probe  
  199  19:33  Observer  
  199  19:34  Photon Cannon  
  199  19:36  Photon Cannon  
  199  19:38  Photon Cannon  
  200  19:39  Photon Cannon  
  184  19:54  Photon Cannon, Probe  
  184  19:55  Photon Cannon  
  184  19:56  Photon Cannon  
  184  19:57  Stalker x5  
  189  20:01  Photon Cannon, Shield Battery  
  189  20:02  Observer x2  
  189  20:05  Dark Templar  
  189  20:06  Zealot x3  
  193  20:15  Zealot  
  187  20:21  Disruptor (Chrono Boost)  
  193  20:30  Disruptor (Chrono Boost)  
  193  20:40  Probe  
  194  20:44  Photon Cannon, Zealot x3  
  194  20:45  Photon Cannon  
  194  20:47  Photon Cannon, Shield Battery  
  194  20:49  Photon Cannon  
  200  20:53  Photon Cannon  
  200  20:55  Photon Cannon  
  200  20:57  Assimilator  
  198  21:09  Stalker  
  200  21:25  Dark Templar x2  
  192  21:29  Zealot x2  
  182  21:37  Stalker x2  
  182  21:38  Stalker  
  182  21:39  Zealot x2  
  188  21:59  Stalker x6  
  199  22:09  Observer (Chrono Boost)  
  198  22:20  Pylon  
  197  22:23  Observer (Chrono Boost)  
  193  22:30  Observer (Chrono Boost)  
  193  22:33  Stalker x2  
  193  22:34  Stalker  
  198  22:41  Nexus  
  198  22:42  Photon Cannon, Stalker  
  198  22:43  Stalker x2, Photon Cannon  
  200  22:58  Warp Prism (Chrono Boost)  
  198  23:18  Stalker  
  193  23:32  Observer  
  187  23:35  Stalker x6  
  200  23:45  Observer (Chrono Boost)  
  200  23:47  Zealot x3  
  200  23:48  Zealot  
  200  23:53  Observer (Chrono Boost)  
  199  24:01  Probe  
  197  24:04  Zealot x5  
  197  24:05  Disruptor (Chrono Boost)  
  197  24:06  Disruptor (Chrono Boost)  
  197  24:09  Stalker x4  
  156  24:29  Stalker x5  
  156  24:30  Stalker  
  160  24:36  Stalker x4  
  131  24:56  Stalker x4  
Show
View Real Time Build Order
Export as new Build Order

ShoWTimE Protoss - Winner!

Build Orders: Phoenix Opening, Colossus Rush 

Get SALT Encoding   

  12  0:00  Probe  
  13  0:12  Probe  
  14  0:17  Pylon  
  14  0:24  Probe (Chrono Boost)  
  15  0:36  Probe (Chrono Boost)  
  15  0:37  Gateway  
  16  0:44  Probe (Chrono Boost)  
  16  0:46  Assimilator  
  17  0:50  Probe  
  17  0:55  Assimilator  
  18  1:03  Probe (Chrono Boost)  
  19  1:08  Gateway  
  19  1:13  Probe (Chrono Boost)  
  19  1:18  Probe (Chrono Boost)  
  20  1:24  Cybernetics Core  
  21  1:29  Probe  
  22  1:34  Pylon  
  22  1:41  Probe  
  23  1:53  Probe  
  24  2:00  Stalker x2  
  24  2:01  Warp Gate (Chrono Boost)  
  28  2:05  Probe  
  29  2:11  Pylon  
  29  2:30  Stalker x2  
  33  2:56  Nexus  
  33  3:01  Shield Battery  
  35  3:05  Sentry  
  35  3:08  Sentry  
  35  3:11  Probe  
  38  3:18  Pylon  
  38  3:24  Shield Battery  
  38  3:28  Probe  
  39  3:37  Colossus  
  39  3:40  Probe (Chrono Boost)  
  40  3:42  Sentry  
  40  3:43  Stalker  
  40  3:44  Phoenix  
  44  3:52  Probe (Chrono Boost)  
  44  3:54  Phoenix, Twilight Council  
  45  3:59  Probe (Chrono Boost)  
  45  4:08  Probe (Chrono Boost)  
  47  4:11  Probe (Chrono Boost)  
  47  4:16  Stalker  
  49  4:18  Probe (Chrono Boost)  
  49  4:20  Probe (Chrono Boost)  
  49  4:23  Probe  
  49  4:24  Stalker  
  53  4:29  Blink (Chrono Boost)  
  53  4:30  Probe  
  55  4:35  Probe  
  56  4:42  Forge  
  56  4:43  Probe  
  57  4:47  Probe  
  57  4:51  Robotics Facility  
  58  4:54  Pylon  
  58  4:56  Probe  
  60  5:00  Probe  
  60  5:04  Protoss Ground Weapons Level 1 (Chrono Boost)  
  60  5:08  Probe  
  60  5:10  Gateway  
  60  5:12  Gateway  
  60  5:13  Probe  
  62  5:14  Phoenix  
  62  5:16  Assimilator  
  62  5:22  Probe  
  62  5:25  Probe  
  64  5:28  Pylon  
  64  5:34  Phoenix, Probe  
  65  5:38  Observer  
  65  5:42  Nexus  
  66  5:44  Probe  
  66  5:46  Probe  
  66  5:48  Shield Battery  
  68  5:51  Pylon  
  68  5:56  Probe  
  69  5:57  Stalker  
  69  6:02  Stalker  
  73  6:04  Probe  
  73  6:08  Stalker, Probe  
  77  6:11  Stalker  
  77  6:14  Phoenix  
  77  6:15  Pylon  
  79  6:21  Probe x2  
  79  6:23  Pylon  
  81  6:27  Warp Prism (Chrono Boost)  
  83  6:34  Probe x2  
  85  6:42  Stalker x3  
  85  6:45  Stalker  
  93  6:49  Pylon  
  93  6:51  Probe x2  
  95  6:57  Probe  
  95  7:00  Observer, Protoss Ground Weapons Level 2 (Chrono Boost)  
  97  7:05  Probe x2  
  99  7:18  Stalker  
  99  7:19  Stalker x3  
  99  7:21  Assimilator  
  107  7:24  Pylon  
  107  7:31  Probe x3  
  107  7:34  Assimilator  
  110  7:43  Stalker x4  
  115  7:44  Probe  
  105  7:55  Immortal (Chrono Boost)  
  104  8:02  Charge  
  104  8:03  Probe x2 (Chrono Boost)  
  107  8:09  Probe (Chrono Boost)  
  109  8:13  Probe x2 (Chrono Boost)  
  109  8:17  Gateway, Probe x2 (Chrono Boost)  
  109  8:18  Gateway x2, Probe (Chrono Boost)  
  112  8:21  Gateway  
  112  8:22  Stalker  
  112  8:23  Stalker x2  
  112  8:26  Stalker  
  120  8:28  Probe  
  120  8:29  Probe  
  120  8:33  Probe  
  123  8:34  Assimilator  
  123  8:36  Pylon  
  123  8:40  Robotics Bay, Probe  
  124  8:45  Robotics Facility  
  124  8:51  Photon Cannon  
  124  8:52  Photon Cannon  
  124  8:54  Photon Cannon  
  124  8:56  Pylon  
  124  8:57  Probe x2  
  124  8:59  Probe  
  127  9:12  Protoss Ground Weapons Level 3 (Chrono Boost)  
  127  9:13  Sentry  
  127  9:14  Zealot x3, Sentry  
  137  9:18  Pylon  
  135  9:24  Zealot x3  
  135  9:29  Disruptor (Chrono Boost)  
  144  9:34  Phoenix  
  144  9:35  Disruptor (Chrono Boost)  
  147  9:46  Zealot x4  
  147  9:47  Zealot  
  147  9:50  Pylon  
  157  9:58  Nexus  
  156  10:09  Disruptor (Chrono Boost)  
  159  10:14  Pylon  
  159  10:17  Nexus  
  159  10:18  Disruptor (Chrono Boost), Pylon  
  162  10:28  Probe x3, Dark Shrine  
  161  10:40  Probe  
  165  10:43  Disruptor (Chrono Boost)  
  165  10:44  Zealot x4  
  165  10:45  Disruptor (Chrono Boost)  
  165  10:47  Pylon  
  176  10:50  Probe x2  
  176  10:52  Probe  
  179  11:00  Photon Cannon  
  179  11:02  Probe  
  180  11:06  Pylon  
  180  11:08  Probe x2  
  182  11:12  Disruptor  
  182  11:14  Probe  
  186  11:20  Pylon, Probe x2  
  186  11:24  Disruptor  
  186  11:25  Gravitic Boosters (Chrono Boost)  
  190  11:38  Photon Cannon  
  190  11:39  Photon Cannon, Shadow Stride (Chrono Boost), Shield Battery  
  190  11:41  Observer  
  190  11:42  Assimilator  
  190  11:44  Assimilator, Zealot x3  
  197  12:01  Pylon  
  195  12:07  Nexus  
  193  12:19  Photon Cannon  
  193  12:21  Photon Cannon  
  193  12:23  Photon Cannon  
  193  12:24  Disruptor x2  
  199  12:30  Shield Battery  
  195  12:43  Stargate  
  195  12:46  Dark Templar x2  
  198  13:19  Disruptor x2  
  189  13:22  Stalker x5  
  199  13:35  Assimilator  
  199  13:39  Assimilator  
  199  13:41  Fleet Beacon  
  199  13:43  Photon Cannon  
  199  13:44  Pylon  
  199  13:46  Pylon  
  199  13:48  Pylon  
  199  13:50  Shield Battery, Stargate  
  199  13:51  Stargate, Shield Battery  
  194  14:03  Observer  
  194  14:04  Protoss Shields Level 1  
  194  14:05  Oracle (Chrono Boost)  
  194  14:09  Observer  
  199  14:12  Gravitic Drive  
  199  14:19  Photon Cannon  
  199  14:21  Photon Cannon  
  199  14:22  Photon Cannon  
  199  14:25  Photon Cannon  
  199  14:26  Photon Cannon  
  199  14:29  Shield Battery x2  
  199  14:32  Pylon  
  195  14:39  Nexus  
  195  14:40  Pylon  
  195  14:42  Dark Templar x2  
  195  14:43  Dark Templar x2  
  195  15:18  Dark Templar x7  
  199  15:23  Photon Cannon  
  199  15:24  Photon Cannon  
  199  15:26  Photon Cannon  
  199  15:27  Photon Cannon  
  199  15:29  Photon Cannon  
  199  15:30  Photon Cannon  
  199  15:31  Shield Battery  
  199  15:33  Shield Battery  
  196  15:37  Pylon  
  196  15:38  Pylon  
  196  15:41  Assimilator  
  196  15:45  Assimilator  
  190  15:50  Disruptor  
  190  15:53  Tempest  
  198  16:02  Cybernetics Core  
  198  16:10  Protoss Air Weapons Level 1 (Chrono Boost)  
  172  16:12  Stalker x4  
  172  16:13  Dark Templar x4  
  188  16:33  Tempest (Chrono Boost)  
  188  16:34  Tempest (Chrono Boost)  
  188  16:37  Stalker x4  
  196  16:41  Protoss Shields Level 2 (Chrono Boost)  
  196  16:46  Zealot x2  
  200  16:50  Protoss Air Armor Level 1 (Chrono Boost)  
  200  16:52  Photon Cannon  
  200  16:54  Photon Cannon  
  200  16:56  Photon Cannon  
  200  17:10  Oracle  
  200  17:27  Photon Cannon  
  200  17:29  Photon Cannon  
  200  17:31  Photon Cannon  
  200  17:42  Dark Templar x5  
  200  17:48  Disruptor x2  
  200  17:50  Tempest x2  
  193  18:02  Photon Cannon  
  193  18:03  Photon Cannon  
  193  18:04  Photon Cannon  
  193  18:05  Tempest  
  198  18:06  Shield Battery  
  198  18:07  Protoss Air Weapons Level 2 (Chrono Boost), Shield Battery  
  198  18:09  Zealot x2  
  198  18:10  Pylon  
  200  18:25  Zealot x3, Observer x2  
  200  18:30  Gateway  
  200  18:31  Gateway  
  200  18:33  Gateway  
  193  18:34  Gateway  
  193  18:38  Gateway  
  193  18:39  Tempest  
  198  18:41  Gateway  
  198  18:45  Photon Cannon  
  198  18:47  Photon Cannon  
  195  18:49  Photon Cannon  
  195  19:18  Protoss Air Armor Level 2 (Chrono Boost)  
  177  19:24  Zealot x3  
  177  19:25  Zealot x5  
  177  19:28  Protoss Shields Level 3 (Chrono Boost)  
  186  19:57  Zealot  
  186  19:58  Zealot x5  
  198  20:03  Observer x3  
  190  20:25  Observer  
  188  20:29  Oracle  
  188  20:31  Observer  
  188  20:32  Observer  
  192  20:41  Dark Templar x4  
  200  20:48  Nexus  
  200  20:49  Pylon  
  200  20:50  Protoss Air Weapons Level 3 (Chrono Boost)  
  200  21:08  Stalker x4  
  200  21:09  Stalker  
  194  21:30  Stalker x3  
  194  21:31  Stalker x7  
  192  21:39  Tempest  
  184  21:40  Tempest  
  194  21:49  Dark Templar x3  
  200  22:02  Nexus  
  200  22:05  Pylon  
  199  22:21  Assimilator  
  199  22:22  Unknown  
  199  22:25  Assimilator  
  199  22:26  Observer  
  199  22:28  Pylon  
  198  22:45  Photon Cannon  
  198  22:47  Photon Cannon, Observer  
  198  22:49  Photon Cannon  
  198  22:51  Photon Cannon  
  198  22:53  Shield Battery  
  198  22:54  Shield Battery  
  195  23:14  Zealot x2  
  189  23:20  Disruptor x2  
  189  23:23  Zealot x2  
  188  24:05  Dark Templar x6  
  194  24:14  Disruptor  
  186  24:24  Zealot x8  
  184  24:37  Stalker x2  
  184  24:38  Stalker x2  
  186  24:47  Stalker x5  
  186  24:48  Stalker x2  
  189  24:55  Stalker x3  
Tags
 
Add a new tag
Caveats
  • Supply blocks, unpowered buildings, or Contaminate may cause inaccurate times.
  • Supply counts are checked every 10 seconds.